AoeStats
← Schantiiniiii

African Clearing

506694069Analyzed
4v4 RM · 16d ago on Sep 14, 2026· 33m 30s· 8 players
Game mode
Random Map
Map size
Large (8 player)
Population
200
Speed
Normal
Resources
Standard
Victory
Conquest
Starting age
Dark Age
Ending age
Imperial Age
RankedLock teamsTeams togetherTeam positionsShared explorationLock speedFull tech treeHidden civsTurbo modeCheats
Victory
Defeat
🇨🇭 Huns · Switzerland
1672
+7
🇨🇭 Romans · Switzerland
1509
+13
🇨🇭 Maya · Switzerland
1446
+16
🇨🇭 Italians · Switzerland
1429
+16
🇩🇪 Gurjaras · Germany
1470
-14
🇦🇷 Byzantines · Argentina
1469
-14
🇧🇷 Teutons · Brazil
1440
-13
🇨🇳 Britons · China
1408
-11
TEN PIEDAD
10:24 Loom
13:21 Feudal Age
[ GG ] SHAKA
4:50 Loom
13:53 Feudal Age
14:41 Double-Bit Axe
17:17 Bloodlines
21:59 Castle Age
20:20 Horse Collar
20:54 Forging
21:38 Scale Barding Armor
别打我了
4:55 Loom
13:34 Feudal Age
17:42 Castle Age
16:08 Double-Bit Axe
19:03 Bow Saw
19:14 Horse Collar
20:05 Fletching
20:49 Crossbowman
23:12 Bodkin Arrow
28:52 Ballistics
31:28 Wheelbarrow
31:22 Heavy Plow
32:27 Padded Archer Armor
33:34 Hand Cart
w h i z.
9:21 Loom
12:38 Feudal Age
13:15 Double-Bit Axe
14:17 Fletching
14:52 Town Watch
21:04 Padded Archer Armor
25:08 Castle Age
24:01 Scale Barding Armor
28:29 Castle Age
30:04 Bloodlines
30:01 Husbandry
Schantiiniiii
6:57 Loom
12:58 Feudal Age
14:19 Wheelbarrow
17:08 Castle Age
15:34 Double-Bit Axe
17:39 Fletching
22:45 Bodkin Arrow
28:12 Horse Collar
30:51 Ballistics
32:14 Bow Saw
33:41 Thumb Ring
33:34 Gold Mining
[PSCH]Dumec the II
3:55 Loom
14:05 Feudal Age
14:42 Double-Bit Axe
17:02 Fletching
28:13 Castle Age
28:19 Scale Mail Armor
31:40 Chain Mail Armor
32:03 Squires
Smiley
6:53 Loom
12:04 Feudal Age
12:20 Man-at-Arms
16:21 Horse Collar
16:55 Scale Mail Armor
23:20 Forging
27:59 Castle Age
29:14 Chain Mail Armor
29:34 Iron Casting
29:00 Squires
28:50 Long Swordsman
32:50 Iron Casting
^^6-=MajorEjac****=-
13:02 Feudal Age
12:07 Loom
14:04 Double-Bit Axe
17:10 Castle Age
15:10 Stone Mining
15:43 Fletching
18:01 Bow Saw
27:40 Horse Collar
29:15 Heavy Plow
30:28 Wheelbarrow
32:00 Hand Cart
31:50 Padded Archer Armor
32:56 Ballistics
Connection lost

Rejoining the realm…

Still unreachable

The connection could not be restored.

Session expired

The server has moved on; the page needs a fresh start.